 Dungeon Sprint DCSS version 0.21-a0-104-g7b58145 (webtiles) character file.

86 Kidiri the Sneak (level 4, -4/31 (34) HPs)
             Began as a Spriggan Enchanter on July 5, 2017.
             Slain by a necrophage (7 damage)
             ... in the Dungeon (Sprint II: "The Violet Keep of Menkaure").
             The game lasted 00:00:21 (17 turns).

Kidiri the Sneak (Spriggan Enchanter)                 Turns: 17, Time: 00:00:22

HP:   -4/31 (34)    AC:  2    Str:  9    XL:     4   Next: 27%
MP:   7/12          EV: 21    Int: 16    God:
Gold: 0             SH:  0    Dex: 17    Spells: 12/13 levels left

rFire    . . .     SeeInvis +   a - +1 dagger
rCold    . . .     Gourm    .   (shield restricted)
rNeg     . . .     Faith    .   b - +0 robe
rPois    .         Spirit   .   (helmet restricted)
rElec    .         Reflect  .   (no cloak)
rCorr    .         Harm     .   (gloves unavailable)
MR       .....     NoTele   +   (boots unavailable)
Stlth    ..........             (no amulet)
HPRegen  0.00/turn              (no ring)
MPRegen  0.13/turn              (no ring)

@: berserking (expiring), non-regenerating, diseased, very quick
A: unfitting armour, see invisible, herbivore 3, speed 3, slow metabolism 2
a: no special abilities


You were in the Dungeon.
You were not hungry.

You visited 1 branch

Inventory:

Hand Weapons
 a - a +1 dagger (weapon)
Armour
 b - a +0 robe (worn)
Scrolls
 j - a scroll of blinking
Potions
 e - a potion of curing
 f - a potion of heal wounds
 g - a potion of haste
 h - 2 potions of magic
Books
 c - a book of Maledictions

   Spells                             Type                      Level
   a - Corona                         Hexes                        1
   b - Ensorcelled Hibernation        Hexes/Ice                    2
   c - Confuse                        Hexes                        3
   d - Tukima's Dance                 Hexes                        3
   e - Dazzling Spray                 Conjuration/Hexes            3
Comestibles
 d - a bread ration


   Skills:
 + Level 1.7 Fighting
 * Level 3.8 Short Blades
 + Level 1.5 Armour
 * Level 5.9 Dodging
 * Level 7.1 Stealth
 * Level 5.0 Spellcasting
 + Level 4.8 Hexes


You had 12 spell levels left.
You knew the following spells:

 Your Spells              Type           Power        Failure   Level  Hunger
a - Corona                Hex            ###....      1%          1    None


Dungeon Overview and Level Annotations

Branches:
Dungeon (1/1)

Altars:


Innate Abilities, Weirdness & Mutations

You are very small and have problems with some larger weapons.
You are too small for most types of armour.
You have supernaturally acute eyesight. (SInv)
You are a herbivore.
You cover ground extremely quickly.
You need consume almost no food.


Message History

Your Dodging skill gained 2 levels and is now at level 5!
Your Stealth skill gained 3 levels and is now at level 7!
Your Spellcasting skill gained 3 levels and is now at level 5!
Your Hexes skill increases to level 4!
You have reached level 2!
You have reached level 3!
Your experience leads to an increase in your attributes!
Your base attributes are Str 4, Int 16, Dex 16.
Increase (S)trength, (I)ntelligence, or (D)exterity?
You feel agile.
You have reached level 4!
You hit the necrophage.
The necrophage is lightly damaged.
You closely miss the necrophage.
The necrophage is lightly damaged.
The necrophage misses you.
You puncture the necrophage!
The necrophage is heavily damaged.
The necrophage hits you!
You die... ## ## ##. .## ..#.. nn.

# #n#
H#
##@##$#
+.<.+#
##.##.#
#+# H#
#


You could see 3 necrophages.

Vanquished Creatures
  A necrophage (D)
1 creature vanquished.

Vanquished Creatures (others)
  A crocodile (D)
1 creature vanquished.

Grand Total: 2 creatures vanquished

Notes
Turn   | Place    | Note
-------+----------+-------------------------------------------
     0 | D        | Kidiri the Spriggan Enchanter began the quest for the Orb.
     0 | D        | Reached XP level 1. HP: 9/9 MP: 5/5
     1 | D        | Noticed a hippogriff
     1 | D        | Noticed a hippogriff
     5 | D        | Noticed a necrophage
     5 | D        | Noticed a necrophage
     5 | D        | Noticed a necrophage
     5 | D        | Noticed a necrophage
    14 | D        | Killed a necrophage
    14 | D        | Reached skill level 1 in Fighting
    14 | D        | Reached skill level 1 in Armour
    14 | D        | Reached skill level 5 in Dodging
    14 | D        | Reached skill level 7 in Stealth
    14 | D        | Reached skill level 5 in Spellcasting
    14 | D        | Reached XP level 2. HP: 2/13 MP: 6/9
    14 | D        | Reached XP level 3. HP: 2/16 MP: 6/10
    14 | D        | Reached XP level 4. HP: 3/21 MP: 7/12
    17 | D        | Killed a crocodile
    17 | D        | Slain by a necrophage

Vault maps used:
D:        the_violet_keep_of_menkaure

Skill      XL: |  1 |
---------------+----+-----
Fighting       | 1 |  1.7
Short Blades   | 3 |  3.8
Armour         | 1 |  1.5
Dodging        | 5 |  5.9
Stealth        | 7 |  7.1
Spellcasting   | 5 |  5.0
Hexes          | 4 |  4.8

Action                   |  1- 3 |  4- 6 || total
-------------------------+-------+-------++-------
Melee: Dagger            |     7 |     3 ||    10
  Use: Potion            |     1 |       ||     1
Dodge: Dodged            |     1 |     1 ||     2
